 Dungeon Crawl Stone Soup version 0.30.0-11-gf55b779eaf (webtiles) character file.

Game seed: 15037023516212444076

67 RascalDebosk the Magician (level 4, -6/31 HPs)
             Began as a Djinni Earth Elementalist on May 16, 2023.
             Mangled by Terence
             ... wielding a +2 mace of protection
              (11 damage)
             ... on level 2 of the Dungeon.
             The game lasted 00:12:25 (1730 turns).

RascalDebosk the Magician (DjEE)                    Turns: 1730, Time: 00:12:26

Health: -6/31      AC:  3    Str:  7    XL:     4   Next: 40%
Gold:   65         EV: 12    Int: 19    God:
                   SH:  0    Dex: 13

rFire   + + .        i - +0 short sword (venom)
rCold   x . .        (no shield)
rNeg    . . .        a - +0 robe
rPois   ∞            (no helmet)
rElec   .            (no cloak)
rCorr   .            h - +0 pair of gloves
SInv    .            (boots unavailable)
Will    .....        (no amulet)
Stlth   ++           (no ring)
HPRegen 0.25/turn    (no ring)
MPRegen 0.00/turn

%: infuse magic (-7 HP)
@: flying
A: sickness immunity, fire resistance 2, cold vulnerability 1, float, innate
caster, HP casting, extra vitality 1
a: no special abilities


You were on level 2 of the Dungeon.
You visited 1 branch of the dungeon, and saw 2 of its levels.

You collected 65 gold pieces.

Inventory:

Hand Weapons
 i - a +0 short sword of venom (weapon)
 s - a +0 dagger
Armour
 a - a +0 robe (worn)
 b - a +0 ring mail
 h - a +0 pair of gloves (worn)
Scrolls
 d - 2 scrolls of noise {unknown}
 e - 4 scrolls of identify {unknown}
 f - 2 scrolls of amnesia {unknown}
 g - a scroll of enchant armour {unknown}
Potions
 c - 2 potions of heal wounds {unknown}
 j - a potion of curing {unknown}
 k - a potion of resistance {unknown}


   Skills:
 - Level 2.1 Dodging
 - Level 1.5 Stealth
 * Level 3.8 Spellcasting


You knew the following spells:

 Your Spells              Type           Power      Damage    Failure   Level
a - Sandblast             Erth           36%        2d10      3%          1
b - Passwall              Tmut/Erth      15%        N/A       4%          2
c - Stone Arrow           Conj/Erth      36%        3d9       9%          3
d - Petrify               Tmut/Erth      18%        N/A       28%         4
e - Apportation           Tloc           36%        N/A       3%          1
Your spell library was empty.

Dungeon Overview and Level Annotations

Branches:
Dungeon (2/15)

Altars:

Annotations:
D:2 Terence


Innate Abilities, Weirdness & Mutations

You are immune to sickness and miasma.
You are immune to poison.
Your flesh is very heat resistant. (rF++)
You are vulnerable to cold. (rC-)
You float through the air rather than walking.
You learn spells naturally, not from books.
Your magical power is your life essence.
You have superior vitality. (+4 MHP)


Message History

You can't see any susceptible monsters within range! (Use Z to cast anyway.)
The kobold shouts!
Casting: Sandblast (safe; 3% risk of failure)
Confirm with . or Enter, or press ? or * to list all spells.
Aiming: Sandblast (safe; 3% risk of failure)
Press: ? - help, Shift-Dir - straight line, f - kobold
Aim: a kobold, wielding a +0 club (77% to hit)
The blast of sand hits the kobold.
You kill the kobold!
Found a stone staircase leading down.
Things that are here:
a +0 club; a kobold corpse
Found a stone staircase leading up.
Casting: Sandblast (safe; 3% risk of failure)
Confirm with . or Enter, or press ? or * to list all spells.
Aiming: Sandblast (safe; 3% risk of failure)
Press: ? - help, Shift-Dir - straight line, f - hobgoblin
Aim: a hobgoblin (wandering, hasn't noticed you, 82% to hit)
The blast of sand hits the hobgoblin.
You kill the hobgoblin!
The hobgoblin shouts!
Casting: Sandblast (safe; 3% risk of failure)
Confirm with . or Enter, or press ? or * to list all spells.
Aiming: Sandblast (safe; 3% risk of failure)
Press: ? - help, Shift-Dir - straight line, f - hobgoblin
Aim: a hobgoblin (82% to hit)
The blast of sand hits the hobgoblin!
You kill the hobgoblin!
k - a sapphire potion You see here a hobgoblin corpse.
You now have 65 gold pieces (gained 3).
A hobgoblin comes into view.
The hobgoblin shouts!
You see here a +0 club.
Casting: Sandblast (safe; 3% risk of failure)
Confirm with . or Enter, or press ? or * to list all spells.
You can't see any susceptible monsters within range! (Use Z to cast anyway.)
Casting: Sandblast (safe; 3% risk of failure)
Confirm with . or Enter, or press ? or * to list all spells.
Aiming: Sandblast (safe; 3% risk of failure)
Press: ? - help, Shift-Dir - straight line, f - hobgoblin
Aim: a hobgoblin (82% to hit)
The blast of sand hits the hobgoblin!
You kill the hobgoblin!
Things that are here:
a +0 club; a +0 sling; a hobgoblin corpse Terence the Incautious comes into view.
He is wielding a +2 mace of protection.
Terence shouts!
Casting: Sandblast (safe; 3% risk of failure)
Confirm with . or Enter, or press ? or * to list all spells.
The spell is quite dangerous to miscast (9% risk of failure)!
Continue anyway?
Aiming: Stone Arrow (quite dangerous; 9% risk of failure)
Press: ? - help, Shift-Dir - straight line, f - Terence
Aim: Terence, wielding a +2 mace of protection and wearing a +0 scale mail (72% to hit)
The stone arrow hits Terence!
Terence is heavily wounded.
Casting: Stone Arrow (quite dangerous; 9% risk of failure)
Confirm with . or Enter, or press ? or * to list all spells.
The spell is quite dangerous to miscast (9% risk of failure)!
Continue anyway?
Aiming: Stone Arrow (quite dangerous; 9% risk of failure)
Press: ? - help, Shift-Dir - straight line, f/p - Terence
Aim: Terence, wielding a +2 mace of protection and wearing a +0 scale mail (heavily wounded, 72% to hit)
The stone arrow hits Terence!
Terence is almost dead.
Casting: Stone Arrow (quite dangerous; 9% risk of failure)
Confirm with . or Enter, or press ? or * to list all spells.
The spell is quite dangerous to miscast (9% risk of failure)!
Continue anyway?
Aiming: Stone Arrow (quite dangerous; 9% risk of failure)
Press: ? - help, Shift-Dir - straight line, f/p - Terence
Aim: Terence, wielding a +2 mace of protection and wearing a +0 scale mail (almost dead, 72% to hit)
The stone arrow misses Terence.
Casting: Stone Arrow (quite dangerous; 9% risk of failure)
Confirm with . or Enter, or press ? or * to list all spells.
The spell is quite dangerous to miscast (9% risk of failure)!
Continue anyway?
Aiming: Stone Arrow (quite dangerous; 9% risk of failure)
Press: ? - help, Shift-Dir - straight line, f/p - Terence
Aim: Terence, wielding a +2 mace of protection and wearing a +0 scale mail (almost dead, 72% to hit)
The stone arrow misses Terence.
Terence hits you with a +2 mace of protection!
* * * LOW HITPOINT WARNING * * *
Casting: Stone Arrow (quite dangerous; 9% risk of failure)
Confirm with . or Enter, or press ? or * to list all spells.
Aiming: Sandblast (safe; 3% risk of failure)
Press: ? - help, Shift-Dir - straight line, f/p - Terence
Aim: Terence, wielding a +2 mace of protection and wearing a +0 scale mail (almost dead, 84% to hit)
The blast of sand hits Terence but does no damage.
Terence is almost dead.
* * * LOW HITPOINT WARNING * * *
Terence hits you with a +2 mace of protection!
* * * LOW HITPOINT WARNING * * *
Casting: Sandblast (safe; 3% risk of failure)
Confirm with . or Enter, or press ? or * to list all spells.
Aiming: Sandblast (safe; 3% risk of failure)
Press: ? - help, Shift-Dir - straight line, f/p - Terence
Aim: Terence, wielding a +2 mace of protection and wearing a +0 scale mail (almost dead, 84% to hit)
The blast of sand hits Terence but does no damage.
Terence is almost dead.
* * * LOW HITPOINT WARNING * * *
Terence hits you with a +2 mace of protection!
You die...

.#.#.#.####.#######.....#.# ##.
.........†.......##.....#.#####..
..................#............#.
.###.#.##.#.#####.#....##.####.##
## #.#.##.#.# #.#....##.# #.#
#.#.##.#.#####.#.......# #.#
#......#.##............# #.##
#.#.####.##.#.###.####.# #.##
#.#.# #.## #@# #.# #.# #.## #.#.#
.# #@# #.# #.# #.## ####.#.# #.#
#.# #.# #.## .......# #.# #.# #.#
#.## ######## ... ..# .# #... ...
#.# ### ####### ### #.. .......
### ####### #


You could see Terence.

Vanquished Creatures
  Robin (D:2)
  A worm (D:2)
  A dart slug (D:1)
  An orc (D:2)
  6 bats
  3 endoplasms
  A giant cockroach (D:1)
  10 goblins
  8 hobgoblins
  2 jackals (D:1)
  A quokka (D:1)
  A ball python (D:1)
  4 frilled lizards
  3 kobolds
  A rat (D:2)
44 creatures vanquished.

Notes
Turn   | Place    | Note
-------+----------+-------------------------------------------
     0 | D:1      | RascalDebosk the Djinni Earth Elementalist began the quest
                  | for the Orb.
     0 | D:1      | RascalDebosk set off with the following spells memorised:
                  | Sandblast, Passwall, Stone Arrow, Petrify.
     0 | D:1      | Reached XP level 1. HP: 15/15 MP: 0/0
   209 | D:1      | Reached XP level 2. HP: 19/21 MP: 0/0
   283 | D:1      | Reached skill level 3 in Spellcasting
   514 | D:1      | Reached XP level 3. HP: 24/25 MP: 0/0
   514 | D:1      | Learned a level 1 spell: Apportation
  1040 | D:2      | Noticed Robin
  1053 | D:2      | Killed Robin
  1176 | D:2      | Reached XP level 4. HP: 29/31 MP: 0/0
  1723 | D:2      | Noticed Terence
  1730 | D:2      | Mangled by Terence

Illustrated notes

Levels and vault maps discovered:
D:1:      heliophobic_arrival_ceremonial_halls, layout_loops_cross
D:2:      layout_basic, uniq_terence, uniq_robin

Skill      XL: |  1  2 |
---------------+-------+-----
Spellcasting   | 3 |  3.8
Dodging        | |  2.1
Stealth        | |  1.5

Action                     |  1- 3 |  4- 6 || total
---------------------------+-------+-------++-------
  Melee: Short sword       |    13 |       ||    13
   Cast: Sandblast         |    46 |    18 ||    64
         Stone Arrow       |     8 |     6 ||    14
         Petrify           |       |     1 ||     1
 Armour: Robe              |     5 |       ||     5
  Dodge: Dodged            |    22 |       ||    22
